 Dungeon Crawl Stone Soup version 0.29.1-12-g30fa7ad0bf (webtiles) character file.

Game seed: 183234628318225697

79 safid the Shooter (level 4, -1/40 HPs)
             Began as a Minotaur Hunter on Dec 19, 2022.
             Slain by Grinder (6 damage)
             ... on level 3 of the Dungeon.
             The game lasted 00:01:44 (1745 turns).

safid the Shooter (Minotaur Hunter)                 Turns: 1745, Time: 00:01:45

Health: -1/40      AC:  3    Str: 16    XL:     4   Next: 17%
Magic:  3/3        EV: 12    Int:  6    God:
Gold:   106        SH:  0    Dex: 15    Spells: 3/3 levels left

rFire   . . .      SeeInvis .   a - +0 shortbow
rCold   . . .      Faith    .   (shield currently unavailable)
rNeg    . . .      Spirit   .   c - +0 leather armour
rPois   .          Reflect  .   (helmet restricted)
rElec   .          Harm     .   (no cloak)
rCorr   .          Rampage  .   (no gloves)
Will    .....                   (no boots)
Stlth   +.........              (no amulet)
HPRegen 0.13/turn               (no ring)
MPRegen 0.08/turn               (no ring)

@: no status effects
A: horns 2, retaliatory headbutt
a: no special abilities


You were on level 3 of the Dungeon.
You visited 1 branch of the dungeon, and saw 3 of its levels.

You collected 106 gold pieces.

Inventory:

Hand Weapons
 a - a +0 shortbow (weapon)
Armour
 c - a +0 leather armour (worn)
Scrolls
 b - 2 scrolls of immolation
 d - a scroll of noise {unknown}
 f - 2 scrolls of identify {unknown}
 h - a scroll of vulnerability {unknown}
 i - a scroll of butterflies {unknown}
 j - 4 scrolls of teleportation {unknown}
 k - a scroll of summoning {unknown}
Potions
 e - a potion of haste {unknown}
 g - a potion of ambrosia {unknown}
 l - a potion of heal wounds {unknown}
 m - 2 potions of curing {unknown}
 n - a potion of flight {unknown}


   Skills:
 + Level 4.2 Fighting
 + Level 5.4 Ranged Weapons
 - Level 2.1 Dodging
 - Level 0.7 Stealth


You had 3 spell levels left.
You didn't know any spells.
Your spell library was empty.

Dungeon Overview and Level Annotations

Branches:
Dungeon (3/15)

Altars:

Shops:
D:3 !

Annotations:
D:3 Grinder


Innate Abilities, Weirdness & Mutations

You have a pair of horns on your head.
You reflexively headbutt those who attack you in melee.


Message History

Aim: Grinder (severely wounded, 60% to hit)
You shoot an arrow.
The arrow hits Grinder but does no damage.
Grinder is severely wounded.
Grinder hits you.
You writhe in agony.
* * * LOW HITPOINT WARNING * * *
Fire: a) +0 shortbow
Press: ? - help, Q - select action Shift-Dir - straight line, f/p - Grinder
Aim: Grinder (heavily wounded, 60% to hit)
You shoot an arrow. The arrow hits Grinder.
Grinder is severely wounded.
Grinder says, "Make like a tree!"
Grinder blinks!
Fire: a) +0 shortbow
Press: ? - help, Q - select action Shift-Dir - straight line, f/p - Grinder
Aim: Grinder (severely wounded, 60% to hit)
You shoot an arrow. The arrow hits Grinder!
Grinder is almost dead.
Unknown command.
Fire: a) +0 shortbow
Press: ? - help, Q - select action Shift-Dir - straight line, f/p - Grinder
Aim: Grinder (almost dead, 60% to hit)
You shoot an arrow.
The arrow hits Grinder but does no damage.
Grinder is almost dead.
Fire: a) +0 shortbow
Press: ? - help, Q - select action Shift-Dir - straight line, f/p - Grinder
Aim: Grinder (almost dead, 60% to hit)
You shoot an arrow. The arrow barely misses Grinder.
Unknown command.
Fire: a) +0 shortbow
Press: ? - help, Q - select action Shift-Dir - straight line, f/p - Grinder
Aim: Grinder (almost dead, 60% to hit)
You shoot an arrow.
The arrow hits Grinder but does no damage.
Grinder is almost dead.
Grinder hits you.
* * * LOW HITPOINT WARNING * * *
You writhe in agony.
You die...

###... ...
#.# #.# #.#
##.# . #..#
..#
####.#####..#
#...........#
#.###.@5....#
##.#
#.......#
####<.#
#...∩..##
#.....#
#..|...#
#.....#
#........
#.....#
#........#
#.....#
#######..#
#.....# #.#
#......


You could see Grinder.

Vanquished Creatures
  Natasha (D:3)
  A worm (D:2)
  3 dart slugs
  4 ball pythons
  5 bats
  3 endoplasms
  A giant cockroach (D:1)
  5 goblins
  3 hobgoblins
  4 jackals (D:2)
  2 quokkas
  A frilled lizard (D:2)
  5 kobolds
  4 rats
42 creatures vanquished.

Notes
Turn   | Place    | Note
-------+----------+-------------------------------------------
     0 | D:1      | safid the Minotaur Hunter began the quest for the Orb.
     0 | D:1      | Reached XP level 1. HP: 18/18 MP: 0/0
   227 | D:1      | Reached XP level 2. HP: 26/26 MP: 1/1
  1081 | D:2      | Reached skill level 5 in Ranged Weapons
  1081 | D:2      | Reached XP level 3. HP: 30/31 MP: 2/2
  1564 | D:2      | Found a faded altar of an unknown god.
  1704 | D:3      | Noticed Natasha
  1707 | D:3      | Killed Natasha
  1708 | D:3      | Reached XP level 4. HP: 39/40 MP: 3/3
  1722 | D:3      | Found Itakaest's Distillery.
  1731 | D:3      | Noticed Grinder
  1745 | D:3      | Slain by Grinder

Illustrated notes

Levels and vault maps discovered:
D:1:      tarquinn_simple_flora_water_c, layout_basic, serial_bayou_crossing
D:2:      layout_basic, hellmonk_ecumenical_altar_blasted
D:3:      layout_rooms, serial_shops, shop, nicolae_shop_hallway_stairs, shop,
          grunt_ministairs_10, kennysheep_generic_room_8, uniq_natasha,
          uniq_sigmund, uniq_grinder

Skill      XL: |  1  2  3 |
---------------+----------+-----
Fighting       | 3 4 |  4.2
Ranged Weapons | 5 |  5.4
Dodging        | |  2.1
Stealth        | |  0.7

Action                   |  1- 3 |  4- 6 || total
-------------------------+-------+-------++-------
 Fire: Shortbow          |   103 |    14 ||   117
Armor: Leather armour    |    14 |       ||    14
Dodge: Dodged            |    27 |     1 ||    28
